 Dungeon Crawl Stone Soup version 0.27.1-33-g824d729ab1 (webtiles) character file.

Game seed: 10338674832542634623

63 SensoryNuts the Skirmisher (level 3, 0/33 HPs)
             Began as a Draconian Fighter on Dec 7, 2021.
             Was a Believer of Zin.
             Slain by Ijyb (1 damage)
             ... on level 3 of the Dungeon.
             The game lasted 00:02:06 (2125 turns).

SensoryNuts the Skirmisher (Draconian Fighter)      Turns: 2125, Time: 00:02:07

Health: 0/33       AC:  5    Str: 19    XL:     3   Next: 89%
Magic:  3/3        EV:  7    Int:  8    God:    Zin [**....]
Gold:   47         SH:  9    Dex: 10    Spells: 2/2 levels left

rFire    . . .     SeeInvis .   a - +0 long sword
rCold    . . .     Faith    .   b - +0 kite shield
rNeg     . . .     Spirit   .   (armour unavailable)
rPois    .         Reflect  .   (helmet restricted)
rElec    .         Harm     .   (no cloak)
rCorr    .         Rampage  .   (no gloves)
Will     .....                  (no boots)
Stlth    +.........             (no amulet)
HPRegen  0.11/turn              (no ring)
MPRegen  0.08/turn              (no ring)

@: mighty, slowed, constricted, very slow
A: AC +5, unfitting armour, cold-blooded
a: Renounce Religion, Recite, Vitalisation, Donate Gold


You were on level 3 of the Dungeon.
You worshipped Zin.
Zin was pleased with you.
You visited 1 branch of the dungeon, and saw 3 of its levels.

You collected 92 gold pieces.
You donated 45 gold pieces to Zin.

Inventory:

Hand Weapons
 a - a +0 long sword (weapon)
Armour
 b - a +0 kite shield (worn)
 m - a +2 robe of the Archmagi
Scrolls
 d - 2 scrolls of identify {unknown}
 e - a scroll of amnesia {unknown}
 f - 2 scrolls of enchant weapon {unknown}
 g - a scroll of fear {unknown}
 h - 2 scrolls of enchant armour {unknown}
 j - a scroll of noise {unknown}
 n - a scroll of magic mapping {unknown}
Potions
 i - a potion of brilliance {unknown}
 k - a potion of heal wounds {unknown}
 l - 2 potions of haste {unknown}


   Skills:
 + Level 3.7 Fighting
 + Level 2.6 Long Blades
 + Level 3.3 Dodging
 + Level 0.1 Stealth
 + Level 3.5 Shields


You had 2 spell levels left.
You didn't know any spells.
Your spell library was empty.

Dungeon Overview and Level Annotations

Branches:
Dungeon (3/15)

Altars:
Kikubaaqudgha
Zin

Annotations:
D:3 Ijyb


Innate Abilities, Weirdness & Mutations

Your plain brown scales are hard. (AC +5)
You cannot fit into any form of body armour.
You are cold-blooded and may be slowed by cold attacks.


Message History

You are too injured to fight recklessly!
You are too injured to fight recklessly!
You are too injured to fight recklessly!
You are too injured to fight recklessly!
You are too injured to fight recklessly!
You are too injured to fight recklessly!
You are too injured to fight recklessly!
You are too injured to fight recklessly!
You are too injured to fight recklessly!
You are too injured to fight recklessly!
You are too injured to fight recklessly!
There are monsters nearby!
You are too injured to fight recklessly!
You feel very mighty all of a sudden.
You block the ball python's attack. x2; The orc hits you but does no damage.
Ijyb zaps a wand.
The puff of flame hits you.
The ball python bites you but does no damage.
The ball python grabs you. The ball python constricts you.
You block the orc's attack.
You closely miss the orc. You tail-slap the orc!
You kill the orc!
You feel yourself speed up. The ball python barely misses you.
The ball python constricts you.
Ijyb hits you with a +2 dagger of freezing.
* * * LOW HITPOINT WARNING * * *
Ijyb freezes you.
* * * LOW HITPOINT WARNING * * *
You block the ball python's attack. The ball python constricts you.
* * * LOW HITPOINT WARNING * * *
You block Ijyb's attack.
You slash Ijyb!
Ijyb is heavily wounded.
The ball python completely misses you. The ball python constricts you.
Ijyb hits you with a +2 dagger of freezing.
* * * LOW HITPOINT WARNING * * *
You feel yourself slow down. Ijyb freezes you.
* * * LOW HITPOINT WARNING * * *
You block the ball python's attack. The ball python constricts you.
Ijyb hits you with a +2 dagger of freezing.
You die...

#.#### .. 8.
####.........# #>.. ...#
.###.''.......... #####
....# ..#.##.........#
.....####'#.##.........#
.......#..#.##(........#
...........##.........#
...........##.........#
.#.#.#S#....##.........#
......)@######.........#
......g## #.[.......)
....... #.........#
....>.. ####.#.....
....(.. #.#...). .......
#.#..... .......
#.###### .#.#.#. #.# #..
#.# #..


You could see Ijyb and a ball python.

Vanquished Creatures
  Jessica (D:3)
  An adder (D:3)
  A dart slug (D:2)
  An orc (D:3)
  2 endoplasms
  A giant cockroach (D:1)
  A goblin (D:3)
  2 hobgoblins
  A quokka (D:2)
  A ball python (D:2)
  5 bats
  2 frilled lizards
  5 kobolds
  5 rats
29 creatures vanquished.

Vanquished Creatures (others)
  5 plants (D:1)
5 creatures vanquished.

Grand Total: 34 creatures vanquished

Notes
Turn   | Place    | Note
-------+----------+-------------------------------------------
     0 | D:1      | SensoryNuts the Draconian Fighter began the quest for the
                  | Orb.
     0 | D:1      | Reached XP level 1. HP: 19/19 MP: 1/1
   235 | D:1      | Found a faded altar of an unknown god.
   268 | D:1      | Became a worshipper of Zin the Law-Giver
   268 | D:1      | Reached * piety under Zin
   599 | D:1      | Reached XP level 2. HP: 26/26 MP: 2/2
   932 | D:2      | Found an ancient bone altar of Kikubaaqudgha.
  1093 | D:2      | Donated 36 gold pieces to Zin
  1513 | D:3      | Noticed Jessica
  1518 | D:3      | Killed Jessica
  1519 | D:3      | Reached XP level 3. HP: 28/33 MP: 3/3
  1628 | D:3      | Reached ** piety under Zin
  2118 | D:3      | Noticed Ijyb
  2125 | D:3      | HP: 1/33 [Ijyb (1)]
  2125 | D:3      | Slain by Ijyb

Illustrated notes

Levels and vault maps discovered:
D:1:      dpeg_arrival_chambers_temple_mockup, layout_rooms, serial_aquarium,
          aquarium_bridge_square [aquarium_subvault_window,
          aquarium_subvault_wall, aquarium_subvault_wall,
          aquarium_subvault_bridge], aquarium_bridge_square
          [aquarium_subvault_bridge, aquarium_subvault_bridge,
          aquarium_subvault_bridge, aquarium_subvault_wall],
          aquarium_window_corridor_3, aquarium_window_1, aquarium_window_corner,
          aquarium_window_fake, aquarium_view_2e,
          shapermc_ecumenical_altar_mp_ritualfount
D:2:      layout_loops_ring, basic_altar, chequers_decorated_corner
D:3:      minmay_chambers_of_threes, layout_basic,
          regret_index_temple_of_mockery, st_stairs_4, uniq_ijyb, uniq_jessica,
          uniq_grinder

Skill      XL: |  1 |
---------------+----+-----
Dodging        | 3 |  3.3
Fighting       | |  3.7
Long Blades    | |  2.6
Stealth        | |  0.1
Shields        | |  3.5

Action                   || total
-------------------------++-------
Melee: Long sword        ||    85
       Tailslap          ||    11
Invok: Donate Gold       ||     1
  Use: Potion            ||     1
Armor: Skin              ||    38
Dodge: Dodged            ||    43
Block: Kite shield       ||    57
       Rpst.: Long sword ||    14
